cohdb
Replays
Latest Replays
All Replays
Popular Replays
Top Player Replays
Match Explorer
How It Works
Community
CoH3 Stats
Reddit
Sign in to upload your games and track your stats! →
Sign in with Steam
Match 46017304
Unlisted
Match 46017304
Overview
Messages
Build Orders
End
Selects Armored Battlegroup
Construct Weapon Support Center
M1919 Machine Gun Team
M1919 Machine Gun Team
Selects Veteran Crews
Sniper
M1919 Machine Gun Team
Mechanized Support Center
Bazooka Squad
M1919 Machine Gun Team
Selects Fast Deploy
Construct Tank Depot
Engineer Squad
M4A1 Sherman Medium Tank
Selects Seek and Destroy
M4A1 Sherman Medium Tank
Construct Barracks
Engineer Squad
Engineer Squad
M4A1 76mm Conversion
Improvised Armor
M4A1(76) Sherman Medium Tank
.30 cal Machine Gun
Mortar Pit
Mortar Pit
.30 cal Machine Gun
Rapid Repairs
thedowner21
hatso3636
toigli
zeitverschwaedung
YipYip
☭USSR☭Unum Wino
0
0
Comments
sign in to comment!
No comments posted yet!